 Dungeon Crawl Stone Soup version 0.20-a0-795-ga03948b (webtiles) character file.

11 Alarkh the Grave Robber (level 2, -2/19 HPs)
             Began as a Demonspawn Necromancer on Mar 2, 2017.
             Slain by an adder (4 damage)
             ... on level 2 of the Dungeon.
             The game lasted 00:00:47 (980 turns).

Alarkh the Grave Robber (Demonspawn Necromancer)     Turns: 980, Time: 00:00:48

Health: -2/19      AC:  3    Str:  8    XL:     2   Next: 13%
Magic:  1/5        EV: 12    Int: 18    God:
Gold:   27         SH:  0    Dex: 13    Spells: 4/5 levels left

rFire    . . .     SeeInvis .   g - +0 spear
rCold    . . .     Gourm    .   a - +0 robe
rNeg     . . .     Faith    .   (no shield)
rPois    .         Spirit   .   (no helmet)
rElec    .         Reflect  .   d - +0 cloak
rCorr    .         Harm     .   (no gloves)
MR       .....                  (no boots)
Stlth    ++........             (no amulet)
Regen    0.1/turn               (no ring)
MPRegen  0.1/turn               l - +2 ring of intelligence

@: lethally poisoned (-2 -> -6), very slightly contaminated
A: demonic guardian 1
a: no special abilities


You were on level 2 of the Dungeon.
You were not hungry.

You visited 1 branch of the dungeon, and saw 2 of its levels.

You collected 27 gold pieces.

Inventory:

Hand Weapons
 g - a +0 spear (weapon)
Armour
 a - a +0 robe (worn)
 d - a +0 cloak (worn)
Jewellery
 l - a +2 ring of intelligence (left hand)
Scrolls
 e - a scroll of remove curse {unknown}
 f - 2 scrolls of teleportation {unknown}
 h - a scroll of random uselessness {unknown}
 j - a scroll of noise {unknown}
Potions
 m - a potion of might {unknown}
Books
 b - a book of Necromancy

   Spells                             Type                      Level
   a - Pain                           Necromancy                   1
   b - Animate Skeleton               Necromancy                   1
   c - Vampiric Draining              Necromancy                   3
   d - Regeneration                   Charms/Necromancy            3
   e - Animate Dead                   Necromancy                   4
   f - Control Undead                 Necromancy                   4
Comestibles
 c - a bread ration
 i - 2 meat rations
 k - 2 chunks of flesh


   Skills:
 - Level 1.7 Dodging
 - Level 1.7 Stealth
 + Level 2.2 Spellcasting
 + Level 4.7 Necromancy


You had 4 spell levels left.
You knew the following spells:

 Your Spells              Type           Power        Failure   Level  Hunger
a - Pain                  Necr           ###.         2%          1    #......


Dungeon Overview and Level Annotations

Branches:
Dungeon (2/15)

Altars:
Ashenzari

Annotations:
D:1 exclusion: door


Innate Abilities, Weirdness & Mutations

A weak demonic guardian rushes to your aid.


Message History

You are too injured to fight recklessly!
You are too injured to fight recklessly!
You are too injured to fight recklessly!
You are too injured to fight recklessly!
You are too injured to fight recklessly!
You barely miss the adder.
The adder is lightly wounded.
The adder bites you.
* * * LOW HITPOINT WARNING * * *
You hit the adder.
The adder is heavily wounded.
The adder bites you.
* * * LOW HITPOINT WARNING * * *
You are lethally poisoned!
The adder poisons you! The adder bites you but does no damage.
You miss the adder.
The adder is heavily wounded.
* * * LOW HITPOINT WARNING * * *
You feel sick. The adder bites you.
You die...

#### ### ###### #.. ..#
#..... #.# #.#
##.....##.#####.# ###
#.(..........##.# ##.##
..(.....#.##.##.# ##...#
.#.##.#@#.##.##.###.....
g?#S.#...............
#(##g#.###########.....
# #K#.# ##.... .
..########## #.... ##
#..#.......# #.##.
...#.......###....
#.................
#......[.##.#..


You could see an adder, a goblin and a kobold.

Vanquished Creatures
  A dart slug (D:2)
  4 bats
  A goblin (D:2)
  A hobgoblin (D:1)
  3 rats
10 creatures vanquished.

Notes
Turn   | Place    | Note
-------+----------+-------------------------------------------
     0 | D:1      | Alarkh the Demonspawn Necromancer began the quest for the Orb.
     0 | D:1      | Reached XP level 1. HP: 13/13 MP: 3/3
   167 | D:1      | Found a shattered altar of Ashenzari.
   965 | D:2      | Gained mutation: A weak demonic guardian rushes to your aid. [demonic ancestry]
   965 | D:2      | Reached XP level 2. HP: 19/19 MP: 3/5
   980 | D:2      | Slain by an adder

Vault maps used:
D:1:      minmay_arrival_floating_metal, kennysheep_crisscross,
          minmay_misc_feat_encased, ashenzari_altar_1
D:2:      nemelex_xobeh_ov_fountains_minmay, okawaru_gym_becter,
          minmay_small_reverse_x

Action                   || total
-------------------------++-------
Melee: Spear             ||    26
 Cast: Pain              ||     6
 Stab: Sleeping          ||     1
Armor: Robe              ||     4
Dodge: Dodged            ||    12
